 Dungeon Crawl Stone Soup version 0.31-a0-716-gc7603755dd (webtiles) character file.

Game seed: 437941451829411534

28 Essalna the Conjurer (level 3, 24/24 HPs)
             Began as a Demonspawn Conjurer on Sept 10, 2023.
             Got out of the dungeon alive.
             The game lasted 00:01:51 (1305 turns).

Essalna the Conjurer (Demonspawn Conjurer)          Turns: 1305, Time: 00:01:52

Health: 24/24      AC:  2    Str:  7    XL:     3   Next: 0%
Magic:  7/7        EV: 12    Int: 21    God:
Gold:   94         SH:  0    Dex: 11    Spells: 6/7 levels left

rFire   . . .        f - +4 whip
rCold   . . .        (no shield)
rNeg    . . .        a - +0 robe
rPois   .            (no helmet)
rElec   .            (no cloak)
rCorr   .            (no gloves)
SInv    .            (no boots)
Will    .....        (no amulet)
Stlth   ++           (no ring)
HPRegen 0.24/turn    (no ring)
MPRegen 0.20/turn

%: no passive effects
@: no status effects
A: claws 1, magic regeneration
a: no special abilities


You escaped.
You visited 1 branch of the dungeon, and saw 2 of its levels.

You collected 94 gold pieces.

Inventory:

Hand Weapons
 d - a +0 dagger
 f - a +4 whip (weapon)
Armour
 a - a +0 robe (worn)
Jewellery
 h - a ring of flight
Scrolls
 e - a scroll of teleportation {unknown}
 g - a scroll of brand weapon {unknown}
 i - a scroll of enchant weapon {unknown}
Potions
 b - a potion of magic
 c - 2 potions of curing {unknown}
 j - a potion of lignification {unknown}


   Skills:
 - Level 1.7 Dodging
 - Level 1.7 Stealth
 + Level 2.7 Spellcasting
 + Level 4.5 Conjurations


You had 6 spell levels left.
You knew the following spells:

 Your Spells              Type           Power      Damage    Failure   Level
a - Magic Dart            Conj           84%        1d7       2%          1

Your spell library contained the following spells:

 Spells                   Type           Power      Damage    Failure   Level
 Searing Ray              Conj           42%        2d6       3%          2
 Dazzling Flash           Conj/Hex       24%        N/A       16%         3
 Fulminant Prism          Conj/Hex       6%         3d7       47%         4
 Iskenderun's Mystic Bla  Conj/Tloc      12%        2d5       47%         4


Dungeon Overview and Level Annotations

Branches:
Dungeon (2/15)

Altars:

Shops:
D:2 *([**


Innate Abilities, Weirdness & Mutations

You have sharp fingernails.
You regenerate magic rapidly.


Message History

There is a stone staircase leading down here.
A bat comes into view.
Found 11 gold pieces.
The bat moves out of view.
The bat hits you but does no damage.
A bat is nearby!
A bat is nearby!
The magic dart hits the bat.
The bat is moderately wounded.
The bat hits you but does no damage.
The magic dart hits the bat.
You kill the bat!
You can't see any susceptible monsters within range! (Use Z to cast anyway.)
You can't see any susceptible monsters within range! (Use Z to cast anyway.)
You now have 94 gold pieces (gained 11).
You see here a bat corpse.
Key pressed, stopping explore.
You open the large door.
An endoplasm comes into view.
The endoplasm quivers.
An endoplasm is nearby!
An endoplasm is nearby!
An endoplasm is nearby!
The magic dart hits the endoplasm.
The endoplasm is lightly wounded.
The magic dart hits the endoplasm.
The endoplasm is severely wounded.
The magic dart hits the endoplasm.
You kill the endoplasm!
You have reached level 3!
Your experience leads to an increase in your attributes!
Increase (S)trength, (I)ntelligence, or (D)exterity?
You feel clever. x2; Your demonic ancestry asserts itself...
Your fingernails lengthen.
There is a large open door here.
There is a large open door here.
Found an escape hatch in the ceiling.
There is an escape hatch in the ceiling here.
A mysterious force pulls you upwards. The hatch slams shut behind you.
There is a staircase leading out of the dungeon here.
You have escaped!

##..# #..#.............# #.#.#
#..# #..##..#....###### #.#..
#..# #..+...##...########.###
#..## #.##..###.....#......# #
###..#####..#...###....#.###### #
........#...#....##...##.# #
.....##.>.#.##...###..##.# #
.....###.##..#....##[..#.# #
.....# #.##.###.@.###..#.# #
.....# #.##.>##...>##..#.# #
.....# #.##...##..####...# #
.....###..#...##....####.########
†....'........####### #.........
.....########## ########## .....#
.....# # .....# #


There were no monsters in sight!

Vanquished Creatures
  3 ball pythons (D:1)
  4 endoplasms
  A giant cockroach (D:1)
  2 goblins
  A hobgoblin (D:1)
  2 jackals (D:1)
  A kobold (D:1)
  4 quokkas
  A bat (D:2)
  A frilled lizard (D:2)
  3 rats
23 creatures vanquished.

Notes
Turn   | Place    | Note
-------+----------+-------------------------------------------
     0 | D:1      | Essalna the Demonspawn Conjurer began the quest for the
                  | Orb.
     0 | D:1      | Reached XP level 1. HP: 13/13 MP: 3/3
   331 | D:1      | Gained mutation: You regenerate magic rapidly. [demonic
                  | ancestry]
   331 | D:1      | Reached XP level 2. HP: 19/19 MP: 1/5
   947 | D:2      | Found Vuulocs's Assorted Antiques.
   974 | D:2      | Found Ramyil's Weapon Emporium.
   998 | D:2      | Found Wygep's Armour Emporium.
  1029 | D:2      | Found Kopn's General Store.
  1044 | D:2      | Found Fosemmud's General Store.
  1221 | D:2      | Gained mutation: You have sharp fingernails. [demonic
                  | ancestry]
  1221 | D:2      | Reached XP level 3. HP: 24/24 MP: 2/7
  1305 | D:$      | Got out of the dungeon alive.

Illustrated notes

Levels and vault maps discovered:
D:1:      dpeg_arrival_long_road, layout_basic
D:2:      layout_basic, serial_shops, nicolae_shop_bloodbath_and_beyond, shop,
          shop, shop, shop

Action                     || total
---------------------------++-------
  Melee: Dagger            ||    28
         Whip              ||     1
   Cast: Magic Dart        ||    50
 Armour: Robe              ||    18
  Dodge: Dodged            ||    24

Table legend: (Time is in decaauts)
 A = Elapsed time spent in this place.
 B = Non-inter-level travel time spent in this place.
 C = Inter-level travel time spent in this place.
 D = Time resting spent in this place.
 E = Time spent auto-exploring this place.
 F = Levels seen in this place.
 G = Mean time per level.
                   A        B        C        D        E       F      G
               +--------+--------+--------+--------+--------+-----+--------+
         Total |   1303 |   1257 |     46 |      0 |   1105 |   2 |  651.5 |
       Dungeon |   1303 |   1257 |     46 |      0 |   1105 |   2 |  651.5 |
               +--------+--------+--------+--------+--------+-----+--------+

Top non-repeatable levels by time:
     D:1: 969 daAuts
     D:2: 333 daAuts
